 Dungeon Crawl Stone Soup version 0.31-a0-38-g1548c4f2a5 (webtiles) character file.

Game seed: 10373850279927742332

(classic levelgen) 177 Amnesiac the Digger (level 5, -4/24 HPs)
             Began as a Spriggan Earth Elementalist on May 16, 2023.
             Killed from afar by a steam dragon (17 damage)
             ... with a ball of steam
             ... on level 4 of the Dungeon.
             The game lasted 00:04:43 (2319 turns).

Amnesiac the Digger (Spriggan Earth Elementalist)   Turns: 2319, Time: 00:04:43

Health: -4/24      AC:  2    Str:  4    XL:     5   Next: 30%
Magic:  6/12       EV: 17    Int: 18    God:
Gold:   142        SH:  0    Dex: 16    Spells: 5/12 levels left

rFire   . . .        c - +0 dagger
rCold   . . .        (no shield)
rNeg    . . .        a - +0 robe
rPois   .            (helmet restricted)
rElec   .            (no cloak)
rCorr   .            (gloves unavailable)
SInv    +            (boots unavailable)
Will    .....        (no amulet)
Stlth   ++           (no ring)
HPRegen 0.24/turn    (no ring)
MPRegen 0.13/turn

%: no passive effects
@: very quick
A: very small, no large weapons, unfitting armour, see invisible, speed 3
a: no special abilities


You were on level 4 of the Dungeon.
You visited 1 branch of the dungeon, and saw 4 of its levels.

You collected 142 gold pieces.

Inventory:

Hand Weapons
 c - a +0 dagger (weapon)
Armour
 a - a +0 robe (worn)
Magical Staves
 h - a staff of conjuration {!a}
 j - a staff of fire
Jewellery
 e - a +5 ring of evasion
 m - a +6 ring of strength
Scrolls
 d - a scroll of fog {!r, unknown}
 f - 3 scrolls of blinking {!r, unknown}
 i - 5 scrolls of identify {!r, unknown}
 n - 3 scrolls of teleportation {!r, unknown}
 o - a scroll of magic mapping {!r, unknown}
 p - a scroll of poison {!r, unknown}
 r - a scroll of enchant armour {!r, unknown}
 t - a scroll of vulnerability {!r, unknown}
 u - 2 scrolls of enchant weapon {!r, unknown}
 v - a scroll of fear {!r, unknown}
Potions
 b - a potion of magic {!q}
 g - a potion of resistance {!q, unknown}
 k - a potion of mutation {!q, unknown}
 l - a potion of degeneration {!q, unknown}
 q - a potion of curing {!q, unknown}
 s - a potion of berserk rage {!q, unknown}
 w - a potion of brilliance {!q, unknown}


   Skills:
 - Level 2.6 Dodging
 - Level 3.0 Stealth
 + Level 4.4 Spellcasting
 - Level 1.3 Transmutations
 * Level 4.8 Earth Magic


You had 5 spell levels left.
You knew the following spells:

 Your Spells              Type           Power      Damage    Failure   Level
a - Sandblast             Erth           42%        2d11      1%          1
b - Passwall              Tmut/Erth      12%        N/A       6%          2
e - Petrify               Tmut/Erth      15%        N/A       36%         4

Your spell library contained the following spells:

 Spells                   Type           Power      Damage    Failure   Level
 Stone Arrow              Conj/Erth      24%        3d8       16%         3
 Ensorcelled Hibernation  Hex/Ice        6%         N/A       22%         2
 Swiftness                Air            3%         N/A       38%         3


Dungeon Overview and Level Annotations

Branches:
Dungeon (4/15)
 Temple: D:4-7

Altars:
Hepliaklqana
Lugonu

Shops:
D:1 :


Innate Abilities, Weirdness & Mutations

You are very small and have problems with some larger weapons.
You are too small for most types of armour.
You have supernaturally acute eyesight. (SInv)
You cover ground extremely quickly. (Speed+++)


Message History

Aiming: Sandblast (safe; 1% risk of failure)
Press: ? - help, Shift-Dir - straight line, f - worm
Aim: a worm (wandering, hasn't noticed you, 94% to hit)
The blast of sand misses the worm.
A hobgoblin comes into view.
Casting: Sandblast (safe; 1% risk of failure)
Confirm with . or Enter, or press ? or * to list all spells.
Aiming: Sandblast (safe; 1% risk of failure)
Press: ? - help, Shift-Dir - straight line, f/p - worm
Aim: a worm (94% to hit)
The blast of sand hits the worm!
The worm is severely wounded.
The orc wizard gestures wildly while chanting.
The orc wizard flickers and vanishes for a moment.
You hear a shout!
Casting: Sandblast (safe; 1% risk of failure)
Confirm with . or Enter, or press ? or * to list all spells.
Aiming: Sandblast (safe; 1% risk of failure)
Press: ? - help, Shift-Dir - straight line, f/p - worm
Aim: a worm (severely wounded, 94% to hit)
The blast of sand hits the worm!
You kill the worm!
Casting: Sandblast (safe; 1% risk of failure)
Confirm with . or Enter, or press ? or * to list all spells.
Aiming: Sandblast (safe; 1% risk of failure)
Press: ? - help, Shift-Dir - straight line, f - hobgoblin
Aim: a hobgoblin (83% to hit)
The blast of sand hits the hobgoblin!
You kill the hobgoblin!
A hobgoblin comes into view.
Casting: Sandblast (safe; 1% risk of failure)
Confirm with . or Enter, or press ? or * to list all spells.
Aiming: Sandblast (safe; 1% risk of failure)
Press: ? - help, Shift-Dir - straight line, f - orc wizard
Aim: an orc wizard, wielding a +0 dagger of flaming and wearing a +0 robe (slightly transparent, 79% to hit)
The blast of sand hits the orc wizard!
The orc wizard is almost dead.
The hobgoblin shouts!
An adder comes into view.
Casting: Sandblast (safe; 1% risk of failure)
Confirm with . or Enter, or press ? or * to list all spells.
Aiming: Sandblast (safe; 1% risk of failure)
Press: ? - help, Shift-Dir - straight line, f - steam dragon
Aim: a steam dragon (83% to hit)
The blast of sand hits the steam dragon!
The steam dragon is moderately wounded.
The adder hisses angrily.
The steam dragon closely misses you. The steam dragon claws you.
The steam dragon misses you. x2
An orc comes into view. It is wielding a +0 flail.
The orc wizard points at you and mumbles some strange words.
The puff of flame hits you!
Casting: Sandblast (safe; 1% risk of failure)
Confirm with . or Enter, or press ? or * to list all spells.
Aiming: Sandblast (safe; 1% risk of failure)
Press: ? - help, Shift-Dir - straight line, p - steam dragon The blast of sand hits the orc wizard!
You kill the orc wizard!
The orc shouts!
An orc comes into view. It is wielding a +0 club.
The steam dragon breathes steam at you. The ball of steam hits you!
Ouch! That really hurt!
You die...

..............##..........
......................##...
.....#...............<..#..
..... .#..................
.
...S.###............##....
.. #..g........##...## ....
#.. #................# ...
....##...D§.............
... ........##@.....[...#..
#. ...#...?)...........# .
#.#...#.......##. #
#...####.#....
#..##.#.o#....
##.#...§.....#..
...........§..#
.....o.......§..
............§?§..


You could see a steam dragon (catching breath), an adder, 2 orcs and a
hobgoblin.

Vanquished Creatures
  A jelly (D:4)
  An iguana (D:2)
  An orc wizard (D:4)
  3 adders
  3 worms
  A dart slug (D:3)
  2 orcs (D:3)
  9 endoplasms
  6 goblins
  6 hobgoblins
  8 jackals
  4 quokkas
  10 ball pythons
  7 bats
  5 frilled lizards
  7 kobolds
  7 rats
81 creatures vanquished.

Notes
Turn   | Place    | Note
-------+----------+-------------------------------------------
     0 | D:1      | Amnesiac the Spriggan Earth Elementalist began the quest
                  | for the Orb.
     0 | D:1      | Reached XP level 1. HP: 9/9 MP: 5/5
   216 | D:1      | Reached XP level 2. HP: 11/13 MP: 0/7
   348 | D:1      | Found Tymeudgh's Vocational Training.
   654 | D:1      | Reached XP level 3. HP: 16/16 MP: 8/8
   713 | D:1      | Learned a level 2 spell: Passwall
  1122 | D:2      | Reached XP level 4. HP: 21/21 MP: 4/10
  1144 | D:2      | Learned a level 4 spell: Petrify
  1176 | D:2      | Found a hazy altar of Hepliaklqana.
  1339 | D:2      | Found a faded altar of an unknown god.
  1342 | D:2      | Prayed at the altar of an unknown god.
  1342 | D:2      | Became a worshipper of Lugonu the Unformed
  1342 | D:2      | Reached * piety under Lugonu
  1343 | D:2      | Fell from the grace of Lugonu
  1976 | D:3      | Reached XP level 5. HP: 21/24 MP: 6/12
  2300 | D:4      | Noticed a steam dragon
  2319 | D:4      | Killed from afar by a steam dragon

Illustrated notes

Levels and vault maps discovered:
D:1:      minmay_arrival_semitransparent, layout_loops_corners,
          nicolae_shop_vocational
D:2:      layout_basic, shapermc_ecumenical_altar_mp_urbaneastern, basic_altar
D:3:      layout_rooms, minmay_joined_circles
D:4:      layout_cave_pools, mainiacjoe_overflow_tiny_flanked, temple_pool_b

Skill      XL: |  1  2  3  4 |
---------------+-------------+-----
Earth Magic    | 3 4 |  4.8
Spellcasting   | 3 4 |  4.4
Dodging        | |  2.6
Stealth        | |  3.0
Transmutations | |  1.3

Action                     |  1- 3 |  4- 6 || total
---------------------------+-------+-------++-------
  Melee: Dagger            |    40 |       ||    40
   Cast: Sandblast         |    40 |    68 ||   108
 Invoke: Renounce Religion |       |     1 ||     1
   Stab: Sleeping          |     4 |       ||     4
 Armour: Robe              |     5 |     1 ||     6
  Dodge: Dodged            |    42 |    20 ||    62

Table legend: (Time is in decaauts)
 A = Elapsed time spent in this place.
 B = Non-inter-level travel time spent in this place.
 C = Inter-level travel time spent in this place.
 D = Time resting spent in this place.
 E = Time spent auto-exploring this place.
 F = Levels seen in this place.
 G = Mean time per level.
                   A        B        C        D        E       F      G
               +--------+--------+--------+--------+--------+-----+--------+
         Total |   1633 |   1606 |     27 |    246 |    956 |   4 |  408.2 |
       Dungeon |   1633 |   1606 |     27 |    246 |    956 |   4 |  408.2 |
               +--------+--------+--------+--------+--------+-----+--------+

Top non-repeatable levels by time:
     D:1: 708 daAuts
     D:3: 534 daAuts
     D:2: 357 daAuts
     D:4: 33 daAuts
